 Dungeon Crawl Stone Soup version 0.17.0-23-g0de4337 (webtiles) character file.

108 CrazyArbalest the Bolt Thrower (level 4, 0/37 HPs)
             Began as a Minotaur Hunter on Nov 14, 2015.
             Slain by a gnoll
             ... wielding a +0 flail
              (7 damage)
             ... on level 2 of the Dungeon.
             The game lasted 00:05:16 (1775 turns).

CrazyArbalest the Bolt Thrower (Minotaur Hunter)    Turns: 1775, Time: 00:05:16

Health: 0/37       AC:  6    Str: 18    XL:     4   Next: 58%
Magic:  3/3        EV: 10    Int:  8    God:
Gold:   35         SH:  0    Dex: 10    Spells: 0 memorised, 3 levels left

rFire  . . .     SeeInvis .     b - +1 hand crossbow
rCold  . . .     Clarity  .     h - +0 scale mail
rNeg   . . .     SustAt   .     (no shield)
rPois  .         Gourm    .     j - +0 hat
rElec  .         Spirit   .     (no cloak)
rCorr  .         Warding  .     (no gloves)
rMut   .         Stasis   .     (no boots)
MR     .....                    (no amulet)
Stlth  ..........               (no ring)
                                (no ring)

@: not resistant to hostile enchantments, extremely unstealthy
A: retaliatory headbutt, horns 2
a: no special abilities


You were on level 2 of the Dungeon.
You were not hungry.

You visited 1 branch of the dungeon, and saw 2 of its levels.

You collected 35 gold pieces.

Inventory:

Hand Weapons
 a - a +0 club
 b - a +1 hand crossbow (weapon)
Missiles
 c - 14 bolts (quivered)
Armour
 d - a +0 leather armour
 h - a +0 scale mail (worn)
 j - a +0 hat (worn)
Jewellery
 e - an uncursed ring of fire {unknown}
Scrolls
 k - 2 scrolls of fear {unknown}
 l - 4 scrolls of remove curse {unknown}
 m - a scroll of enchant armour {unknown}
 o - 2 scrolls of identify {unknown}
 r - a scroll of recharging {unknown}
 t - a scroll of fog {unknown}
Potions
 i - a potion of curing {unknown}
 p - a potion of poison {unknown}
Comestibles
 f - a bread ration
 g - 3 chunks of flesh
 n - a slice of pizza
 q - a royal jelly
 s - 3 fruits


   Skills:
 + Level 2.6 Fighting
 + Level 1.2 Maces & Flails
 * Level 5.8 Crossbows
 + Level 1.0 Armour
 + Level 3.1 Dodging
 + Level 0.7 Stealth


You had 3 spell levels left.
You didn't know any spells.

Dungeon Overview and Level Annotations

Branches:
Dungeon (2/15)

Altars:


Innate Abilities, Weirdness & Mutations

You reflexively headbutt those who attack you in melee.
You have a pair of horns on your head.


Message History

Press: ? - help, Shift-Dir - straight line, f/p - gnoll
Aim: a gnoll (severely wounded)
You shoot a bolt. The bolt hits the gnoll.
You kill the gnoll!
Your Armour skill increases to level 1!
The gnoll barely misses you.
Firing (i - inventory):
c - 16 bolts (quivered)
Press: ? - help, Shift-Dir - straight line, f - gnoll
Aim: a gnoll, wielding a flail (lightly wounded)
You shoot a bolt. The bolt hits the gnoll!
The gnoll is heavily wounded.
The gnoll hits you with a flail.
* * * LOW HITPOINT WARNING * * *
Firing (i - inventory):
c - 15 bolts (quivered)
Press: ? - help, Shift-Dir - straight line, f/p - gnoll
Aim: a gnoll, wielding a flail (heavily wounded)
You shoot a bolt. The bolt hits the gnoll.
The gnoll is almost dead.
The gnoll hits you with a flail!
You die...

#..........#####
#..............#
#..............#
##.#######.....#
#.# ####### #.#
#.# ############
#.# #..........##
#@# #.....)......
#g# #..........##
#########'##
#............
#...g......#
#...........#
#..###†.........#
#...........#
#).....†........#
#########.#.#
#...##..........#
#.#.# #.
#..........#
#########+#..
#..........#
#...........#


You could see a gnoll.

Vanquished Creatures
  3 gnolls (D:2)
  2 adders (D:2)
  2 oozes
  3 giant cockroaches
  4 hobgoblins
  8 jackals (D:1)
  6 kobolds
  8 bats
  A giant newt (D:1)
  8 goblins
  13 rats
58 creatures vanquished.

Notes
Turn   | Place    | Note
--------------------------------------------------------------
     0 | D:1      | CrazyArbalest the Minotaur Hunter began the quest for the Orb.
     0 | D:1      | Reached XP level 1. HP: 18/18 MP: 0/0
    65 | D:1      | Reached XP level 2. HP: 16/25 MP: 1/1
   193 | D:1      | Reached skill level 5 in Crossbows
   584 | D:1      | Reached XP level 3. HP: 25/30 MP: 2/2
  1421 | D:2      | Reached XP level 4. HP: 33/37 MP: 3/3
  1764 | D:2      | Reached skill level 1 in Maces & Flails
  1773 | D:2      | Reached skill level 1 in Armour
  1775 | D:2      | Slain by a gnoll

Action                   |  1- 3 |  4- 6 || total
-------------------------+-------+-------++-------
Melee: Short sword       |    20 |       ||    20
       Club              |    98 |    23 ||   121
 Fire: Hand crossbow     |       |     6 ||     6
  Eat: Chunk             |     1 |     2 ||     3
